Map: [ESL] Crimson Court

Players

ShoWTimE - Winner!

  • Race: Protoss Protoss
  • League: Master
  • Spawn Location: 7:00

RedpackCuKu (CuKu)

  • Race: Terran Terran
  • Spawn Location: 1:00

Event: HomeStory Cup XXV

VOD

Have the link to the VOD?

Description

Time

  • Played on: June 22, 2024, 6:26 a.m.
  • Length: 8:32

All games in this series

Show
View Real Time Build Order
Export as new Build Order

ShoWTimE Protoss - Winner!

Build Orders: 1 Gate Expand, Blink Stalkers 

Get SALT Encoding   

  12  0:00  Probe  
  13  0:12  Probe  
  14  0:17  Pylon  
  14  0:24  Probe (Chrono Boost)  
  15  0:35  Gateway  
  15  0:36  Probe (Chrono Boost)  
  16  0:45  Probe (Chrono Boost)  
  16  0:46  Assimilator  
  17  0:50  Probe  
  18  1:03  Probe  
  19  1:15  Probe  
  20  1:21  Cybernetics Core  
  20  1:32  Nexus  
  20  1:34  Probe  
  21  1:42  Pylon  
  21  1:47  Probe  
  22  1:49  Assimilator  
  22  1:58  Adept (Chrono Boost)  
  22  1:59  Probe  
  22  2:00  Warp Gate (Chrono Boost)  
  25  2:11  Probe  
  26  2:18  Stalker (Chrono Boost)  
  28  2:23  Probe  
  28  2:34  Twilight Council  
  28  2:35  Probe  
  29  2:42  Stalker  
  31  2:44  Probe  
  31  2:47  Probe  
  33  2:56  Probe  
  34  2:59  Probe  
  34  3:00  Gateway  
  35  3:08  Probe  
  35  3:09  Blink (Chrono Boost)  
  35  3:11  Probe  
  37  3:21  Probe  
  37  3:23  Probe  
  39  3:30  Robotics Facility  
  39  3:31  Pylon  
  39  3:33  Probe  
  40  3:35  Probe  
  41  3:45  Probe  
  41  3:48  Probe  
  43  3:55  Stalker x2  
  43  3:57  Probe  
  43  4:00  Probe  
  43  4:01  Pylon  
  49  4:10  Nexus  
  49  4:13  Probe x2  
  49  4:17  Assimilator, Observer  
  51  4:20  Assimilator  
  52  4:29  Probe x2  
  52  4:31  Stalker x2  
  56  4:34  Observer  
  56  4:35  Pylon  
  57  4:41  Probe x2  
  57  4:43  Shield Battery  
  59  4:49  Gateway  
  59  4:52  Gateway  
  59  4:54  Probe  
  59  4:55  Charge, Probe  
  62  5:09  Stalker x2  
  62  5:13  Immortal (Chrono Boost)  
  65  5:19  Shield Battery  
  69  5:22  Pylon  
  69  5:32  Sentry  
  69  5:34  Shield Battery  
  69  5:35  Sentry  
  69  5:38  Probe x2  
  69  5:39  Pylon, Probe  
  72  5:51  Immortal (Chrono Boost)  
  72  5:52  Sentry x2  
  72  5:55  Probe x2  
  80  6:08  Shield Battery  
  80  6:10  Pylon  
  78  6:12  Zealot x2  
  78  6:15  Zealot x2  
  86  6:18  Gateway  
  86  6:20  Gateway  
  86  6:24  Pylon  
  84  6:34  Zealot x2  
  84  6:36  Zealot x2, Observer  
  88  6:46  Immortal (Chrono Boost)  
  66  6:55  Sentry  
  66  6:56  Sentry  
  66  6:58  Zealot x2  
  66  7:01  Shield Battery  
  74  7:07  Pylon  
  74  7:10  Pylon  
  74  7:15  Zealot x2  
  78  7:29  Pylon  
  82  7:30  Zealot x2  
  82  7:33  Zealot x2, Pylon  
  82  7:35  Pylon  
  86  7:37  Pylon  
  86  7:38  Shield Battery  
  86  7:41  Pylon  
  86  7:46  Templar Archives  
  86  7:52  Zealot x4  
  86  7:56  Shield Battery  
  94  7:58  Pylon  
  94  8:09  Zealot x2  
  94  8:12  Zealot x3  
  101  8:30  Zealot x2  
Show
View Real Time Build Order
Export as new Build Order

RedpackCuKu Terran 

Build Orders:  

Get SALT Encoding   

  12  0:00  SCV  
  13  0:12  SCV  
  14  0:19  Supply Depot  
  14  0:24  SCV  
  15  0:41  SCV  
  15  0:42  Barracks  
  16  0:45  Refinery  
  16  0:53  SCV  
  17  1:05  SCV  
  18  1:17  SCV  
  19  1:30  Orbital Command, Barracks Reactor  
  19  1:42  Command Center  
  19  1:53  Supply Depot  
  19  1:56  SCV  
  20  2:05  Marine x2  
  22  2:08  SCV  
  22  2:15  Factory  
  22  2:24  Marine x2  
  22  2:29  SCV  
  25  2:34  Barracks  
  25  2:42  SCV, Marine x2  
  28  2:55  SCV  
  29  3:00  Orbital Command  
  29  3:05  Hellion x2  
  33  3:08  Barracks Tech Lab  
  31  3:20  Barracks  
  31  3:23  Marine  
  32  3:33  SCV  
  33  3:38  Marine  
  33  3:39  Marine  
  33  3:41  Marine  
  33  3:42  Siege Tank  
  33  3:43  Orbital Command  
  33  3:48  SCV  
  34  3:56  Marine x2  
  34  3:59  Marine, Barracks  
  37  4:05  Orbital Command  
  37  4:07  Marine  
  38  4:10  Barracks  
  38  4:14  Marine x2  
  38  4:17  Marine  
  41  4:25  Marine  
  41  4:27  Siege Tank  
  45  4:32  Marine  
  45  4:37  Supply Depot  
  46  4:43  Marine x3  
  49  4:47  Marine  
  49  4:50  Marine  
  51  4:58  Marine  
  52  5:01  Marine x3  
  52  5:03  Siege Tank  
  52  5:04  Marine  
  57  5:07  Supply Depot  
  57  5:08  Marine  
  58  5:16  Marine  
  58  5:18  Marine  
  58  5:19  Marine x2  
  61  5:22  Marine  
  62  5:29  Marine  
  62  5:34  Marine  
  64  5:36  Marine  
  64  5:37  Marine x2  
  64  5:39  Siege Tank  
  66  5:53  Marine x2  
  66  5:54  Marine  
  68  6:02  Marine x2  
  64  6:11  Siege Tank  
  64  6:13  Marine  
  64  6:16  Marine  
  64  6:17  Bunker  
  69  6:20  Marine x2  
  71  6:27  Marine  
  71  6:30  Marine  
  52  6:54  Marine  
  52  6:55  Marine x5  
  57  7:11  Marine  
  57  7:12  Marine x2  
  59  7:22  Bunker x2  
  56  7:25  Marine  
  56  7:27  Marine, Bunker  
  57  7:30  Marine  
  57  7:33  Marine  
  57  7:41  Marine  
  57  7:42  Orbital Command  
  56  7:45  Siege Tank  
  59  7:52  Marine  
  60  8:02  Bunker  
  59  8:15  Barracks Tech Lab, Bunker  
Tags
 
Add a new tag
Caveats
  • Supply blocks, unpowered buildings, or Contaminate may cause inaccurate times.
  • Supply counts are checked every 10 seconds.